 Dungeon Crawl Stone Soup version 0.29-a0-870-g2c972031a6 (webtiles) character file.

Game seed: 12392258714496839892

5372 xian the Cruncher (level 10, 0/79 HPs)
             Began as a Demonspawn Abyssal Knight on July 17, 2022.
             Was a High Priest of Lugonu.
             Slain by a wraith (9 damage)
             ... on level 9 of the Dungeon.
             The game lasted 00:25:13 (8584 turns).

xian the Cruncher (Demonspawn Abyssal Knight)       Turns: 8584, Time: 00:25:13

Health: 0/79       AC: 10    Str: 30    XL:     10   Next: 39%
Magic:  0/13       EV: 13    Int: 17    God:    Lugonu [*****.]
Gold:   479        SH:  4    Dex: 10    Spells: 9/9 levels left

rFire   + + +      SeeInvis .   w - +3 quarterstaff (chaos)
rCold   . . .      Faith    .   (shield currently unavailable)
rNeg    + . .      Spirit   +   b - +0 leather armour
rPois   .          Reflect  .   (helmet restricted)
rElec   .          Harm     .   x - +2 cloak {Will+}
rCorr   .          Rampage  .   n - +0 pair of gloves
Will    +....                   h - +1 pair of boots
Stlth   ++........              o - amulet of guardian spirit
HPRegen 0.23/turn               K - ring "Zaymp" {Drain rF+++ rN+ Str+6 Int+6 Dex-4}
MPRegen 0.13/turn               M - +6 ring of strength

@: hasted and slowed, studying Polearms
A: horns 2, large bone plates 1, ignite blood 2
a: Renounce Religion, Depart the Abyss, Bend Space, Banish, Corrupt, Enter the
Abyss


You were on level 9 of the Dungeon.
You worshipped Lugonu.
Lugonu was extremely pleased with you.
You visited 1 branch of the dungeon, and saw 9 of its levels.
You visited the Abyss 1 time.
You also visited: Sewer.

You collected 479 gold pieces.

Inventory:

Hand Weapons
 d - a +2 dagger of venom
 w - a +3 quarterstaff of chaos (weapon)
Missiles
 m - a curare-tipped dart
 s - 22 poisoned darts
 v - 6 javelins (quivered)
Armour
 b - a +0 leather armour (worn)
 h - a +1 pair of boots (worn)
 k - a +2 robe of the Archmagi
 n - a +0 pair of gloves (worn)
 x - a +2 cloak of willpower (worn)
Jewellery
 o - an amulet of guardian spirit (around neck)
 u - a ring of flight
 D - a +6 ring of dexterity
 K - the ring "Zaymp" (left hand) {Drain rF+++ rN+ Str+6 Int+6 Dex-4}
   (You found it on level 6 of the Dungeon)

   [ring of strength]

   Str:       It affects your strength (+6).
   Int:       It affects your intelligence (+6).
   Dex:       It affects your dexterity (-4).
   rF:        It renders you almost immune to fire.
   rN:        It protects you from negative energy.
   Drain:     It drains your maximum health when unequipped.
 M - a +6 ring of strength (right hand)
Wands
 a - a wand of polymorph (9)
 C - a wand of charming (19)
 N - a wand of flame (9)
Scrolls
 g - 2 scrolls of vulnerability
 i - 6 scrolls of magic mapping
 p - a scroll of teleportation
 r - 2 scrolls of poison
 y - a scroll of blinking
 z - 3 scrolls of immolation
 A - a scroll of enchant weapon {unknown}
 B - a scroll of enchant armour
 H - a scroll of fog {unknown}
 I - a scroll of amnesia {unknown}
 P - a scroll of identify
Potions
 c - a potion of attraction {unknown}
 e - 3 potions of brilliance {unknown}
 f - 3 potions of mutation {unknown}
 j - 3 potions of might {unknown}
 l - 3 potions of curing {unknown}
 q - a potion of haste
 t - 5 potions of heal wounds {unknown}
 E - a potion of cancellation {unknown}
 F - 2 potions of resistance {unknown}
 G - a potion of experience {unknown}
 J - 2 potions of invisibility {unknown}
 L - a potion of lignification {unknown}
 O - a potion of berserk rage {unknown}


   Skills:
 + Level 7.5 Fighting
 + Level 2.3(2.9) Short Blades
 + Level 2.5(3.0) Long Blades
 + Level 8.4 Staves
 + Level 2.0 Throwing
 + Level 4.3 Armour
 + Level 4.9 Dodging
 + Level 3.6 Stealth
 + Level 3.4 Shields
 * Level 4.5 Invocations


You had 9 spell levels left.
You didn't know any spells.
Your spell library contained the following spells:

 Spells                   Type           Power      Damage    Failure   Level
 Apportation              Tloc           0%         N/A       26%         1
 Necrotise                Necr           0%         1d4       26%         1
 Sandblast                Erth           0%         2d4       26%         1
 Shock                    Conj/Air       0%         1d3       26%         1
 Summon Small Mammal      Summ           0%         N/A       26%         1
 Ensorcelled Hibernation  Hex/Ice        0%         N/A       36%         2
 Passwall                 Tmut/Erth      0%         N/A       36%         2
 Call Canine Familiar     Summ           0%         N/A       61%         3
 Gell's Gravitas          Tloc           0%         N/A       61%         3
 Lesser Beckoning         Tloc           0%         N/A       61%         3
 Ozocubu's Armour         Ice            0%         N/A       61%         3
 Spider Form              Tmut/Pois      0%         N/A       61%         3
 Stone Arrow              Conj/Erth      0%         3d7       61%         3
 Summon Guardian Golem    Hex/Summ       0%         N/A       61%         3
 Swiftness                Air            0%         N/A       61%         3
 Teleport Other           Tloc           0%         N/A       61%         3
 Airstrike                Air            0%         0-1+      95%         4
 Anguish                  Hex/Necr       0%         N/A       95%         4
 Summon Lightning Spire   Summ/Air       0%         N/A       95%         4
 Metabolic Englaciation   Hex/Ice        0%         N/A       100%        5
 Simulacrum               Ice/Necr       0%         N/A       100%        6
 Ozocubu's Refrigeration  Ice            0%         4d5       100%        7
 Storm Form               Tmut/Air       0%         N/A       100%        7
 Maxwell's Capacitive Co  Air            0%         ∞         100%        8


Dungeon Overview and Level Annotations

Branches:
Dungeon (9/15)             Temple (0/1) D:5           Sewer (visited)
   Lair: D:8-11         Orc: D:9-12

Altars:
Ashenzari
Gozag
Wu Jian

Shops:
D:5 :


Innate Abilities, Weirdness & Mutations

You have a pair of horns on your head.
You are partially covered in large bone plates. (SH +4)
Your demonic aura often causes spilled blood to erupt in flames.


Message History

The centaur warrior is engulfed in blazing flames.
The centaur warrior hits you but does no damage.
The centaur warrior kicks you but does no damage.
You hit the centaur warrior but do no damage.
The centaur warrior is almost dead.
The centaur warrior is engulfed in blazing flames.
The centaur warrior hits you but does no damage.
The centaur warrior kicks you but does no damage.
You hit the centaur warrior but do no damage.
The centaur warrior seems to grow stronger.
The centaur warrior is almost dead.
The centaur warrior is engulfed in blazing flames.
You kill the centaur warrior!
Lugonu accepts your kill.
Your Throwing skill increases to level 2!
You barely miss the wraith. Your headbutt misses the wraith.
The wraith hits you.
* * * LOW HITPOINT WARNING * * *
The wraith drains your vigour!
You feel yourself slow down.
You hit the wraith. Lightning courses through the wraith!
Your headbutt misses the wraith.
The wraith is moderately damaged.
The wraith closely misses you.
You sock the wraith!
The wraith seems to grow stronger.
The wraith is heavily damaged.
The wraith hits you!
* * * LOW HITPOINT WARNING * * *
The wraith drains your vigour!
You feel as though you will be slow longer.
The wraith hits you.
* * * LOW HITPOINT WARNING * * *
The wraith drains your vigour!
You feel as though you will be slow longer.
You feel yourself speed up. You block the wraith's attack.
Okay, then.
Aiming: Throw Flame
Press: ? - help, Shift-Dir - straight line, f - wraith
Aim: a wraith (heavily damaged, strong, 68% to hit)
The puff of flame misses the wraith.
The wraith hits you!
You die...

§# ## ≈.# ≈≈
.##§§.# §≈#.
..#§≈.# #≈≈#.
..#≈≈.# #≈≈#..
..#§≈#
#§≈#..####W.# ≈#
#≈§##....@)# §§#
#≈≈≈##....##§≈≈#
#§≈8##''##8≈≈#
###§≈§.8..8.≈≈≈#
....≈≈≈....≈§≈##
.....≈≈≈<>≈≈≈##
......§≈≈≈≈≈##
.......≈≈≈≈##
.........###


You could see a wraith (strong).

Vanquished Creatures
  A centaur warrior (D:9)
  Pikel (D:6)
  A troll (D:8)
  Grinder (D:4)
  Sigmund (D:2)
  3 wyverns
  Eustachio (D:5)
  2 steam dragons
  An acid dragon (D:9)
  Duvessa (D:6)
  2 water moccasins
  Pargi (Sewer)
  3 black bears
  2 ice beasts (D:5)
  An ogre (D:5)
  A lemure (D:6)
  3 phantoms (D:5)
  A kobold brigand (D:5)
  Blork the orc (D:5)
  3 necrophages
  2 scorpions (D:5)
  7 wights
  Dowan (D:6)
  6 killer bees (D:8)
  A lava snake (D:9)
  An orc priest (D:4)
  A hound (D:7)
  Crazy Yiuf (D:3)
  Ijyb (D:5)
  A gnoll bouda (D:5)
  5 iguanas
  2 orc wizards (D:4)
  8 adders
  3 shadow imps
  2 white imps
  2 ufetubi (D:5)
  3 worms
  3 dart slugs
  16 orcs
  8 ball pythons
  4 bats
  6 endoplasms
  6 giant cockroaches
  6 hobgoblins
  5 jackals
  6 quokkas
  7 frilled lizards
  5 goblins
  9 kobolds
  3 rats
162 creatures vanquished.

Vanquished Creatures (others)
  2 plants (D:2)
2 creatures vanquished.

Grand Total: 164 creatures vanquished

Notes
Turn   | Place    | Note
-------+----------+-------------------------------------------
     0 | Abyss:1  | xian the Demonspawn Abyssal Knight began the quest for the
                  | Orb.
     0 | Abyss:1  | Reached XP level 1. HP: 18/18 MP: 2/2
     1 | D:1      | Escaped the Abyss
   187 | D:1      | Gained mutation: You have a pair of small horns on your
                  | head. [demonic ancestry]
   187 | D:1      | Reached XP level 2. HP: 10/24 MP: 3/3
   444 | D:1      | Found a faded altar of an unknown god.
   962 | D:2      | Gained mutation: You are partially covered in large bone
                  | plates. (SH +4) [demonic ancestry]
   962 | D:2      | Reached XP level 3. HP: 25/29 MP: 4/4
  1039 | D:2      | Reached skill level 1 in Dodging
  1393 | D:2      | Noticed Sigmund
  1402 | D:2      | Killed Sigmund
  1403 | D:2      | Reached XP level 4. HP: 38/38 MP: 4/6
  1403 | D:2      | Reached XP level 5. HP: 43/43 MP: 4/7
  1844 | D:3      | Found an ornate altar of the Wu Jian Council.
  1958 | D:3      | Reached skill level 1 in Short Blades
  1976 | D:3      | Reached skill level 5 in Fighting
  1976 | D:3      | Reached XP level 6. HP: 15/51 MP: 8/8
  2203 | D:3      | Reached *** piety under Lugonu
  2674 | D:3      | Found a runed translucent door.
  2675 | D:3      | Noticed Crazy Yiuf
  2686 | D:3      | Killed Crazy Yiuf
  3511 | D:4      | Reached skill level 1 in Shields
  3874 | D:4      | Noticed Grinder
  3888 | D:4      | Killed Grinder
  3889 | D:4      | Reached skill level 2 in Staves
  3889 | D:4      | Gained mutation: Your demonic aura sometimes causes spilled
                  | blood to erupt in flames. [demonic ancestry]
  3889 | D:4      | Reached XP level 7. HP: 56/56 MP: 9/9
  4135 | D:5      | Entered Level 5 of the Dungeon
  4186 | D:5      | Found an opulent altar of Gozag.
  4203 | D:5      | Noticed Blork the orc
  4219 | D:5      | Killed Blork the orc
  4238 | D:5      | Noticed Eustachio
  4239 | D:5      | Found a staircase to the Ecumenical Temple.
  4256 | D:5      | Reached skill level 3 in Staves
  4256 | D:5      | Reached skill level 1 in Stealth
  4258 | D:5      | Killed Eustachio
  4259 | D:5      | Reached skill level 1 in Throwing
  4259 | D:5      | Reached XP level 8. HP: 33/64 MP: 5/10
  4262 | D:5      | Noticed Ijyb
  4273 | D:5      | Killed Ijyb
  4369 | D:5      | Found Ushreema's Tremendous Tomes.
  4668 | D:5      | Reached **** piety under Lugonu
  4669 | D:5      | Found a glowing drain.
  4692 | Sewer    | Entered a sewer
  4760 | Sewer    | Noticed Pargi
  4776 | Sewer    | Killed Pargi
  4777 | Sewer    | Reached skill level 4 in Staves
  5083 | D:5      | Reached skill level 5 in Staves
  5226 | D:5      | Gained mutation: You have a pair of horns on your head.
                  | [demonic ancestry]
  5226 | D:5      | Reached XP level 9. HP: 61/71 MP: 11/11
  5750 | D:5      | Reached skill level 6 in Staves
  5940 | D:6      | Identified the ring "Zaymp" {Drain rF+++ rN+ Str+6 Int+6
                  | Dex-4}
  6040 | D:6      | Noticed Pikel
  6047 | D:6      | Killed Pikel
  6250 | D:6      | Reached skill level 7 in Staves
  6409 | D:6      | Noticed Duvessa
  6417 | D:6      | Killed Duvessa
  6417 | D:6      | Noticed Dowan
  6440 | D:6      | Killed Dowan
  6522 | D:6      | Found a broken altar of Ashenzari.
  7013 | D:7      | Reached ***** piety under Lugonu
  7770 | D:8      | Gained mutation: Your demonic aura often causes spilled
                  | blood to erupt in flames. [demonic ancestry]
  7770 | D:8      | Reached XP level 10. HP: 48/79 MP: 9/12
  8156 | D:8      | Reached skill level 8 in Staves
  8572 | D:9      | Noticed a centaur warrior
  8579 | D:9      | Killed a centaur warrior
  8584 | D:9      | Slain by a wraith

Illustrated notes

Levels and vault maps discovered:
D:1:      dpeg_arrival_stonehenge_8_columns, layout_basic,
          dreamdust_ecumenical_altar_grove
D:2:      layout_loops_ring, serial_bayou, serial_bayou_ford_a,
          serial_bayou_crossing, serial_bayou_lagoon_a, serial_bayou_pond_d,
          uniq_sigmund
D:3:      cheibrodos_helix_gallery, layout_loops_ring,
          mainiacjoe_overflow_tiny_flanked, uniq_crazy_yiuf_cottage
D:4:      layout_loops_cross, minmay_misc_feat_hallway, uniq_grinder
D:5:      cheibrodos_barr_body, layout_rooms, grunt_gozag_statues, zin_treasury,
          minmay_temple_entry_crystal_x, serial_glass, glass_columns_c,
          glass_columns_c, glass_columns_c, glass_columns_b, glass_columns_b,
          glass_columns_a, glass_columns_b, glass_columns_b, glass_columns_a,
          glass_columns_a, gup_sewer_entry_pipe, nicolae_shop_i_like_big_books,
          lemuel_flame_loot_1, uniq_blork_the_orc, uniq_eustachio, uniq_ijyb
D:6:      nicolae_cairo_tiling, layout_rooms, kennysheep_mini_moat,
          chequers_decorated_corner, minmay_circle_x, uniq_pikel, uniq_duvessa
D:7:      layout_gridville
D:8:      layout_loops_ring
D:9:      layout_basic, gammafunk_temple_overflow_statue,
          kennysheep_island_fort, uniq_harold

Skill      XL: |  1  2  3  4  5  6  7  8  9 10 |
---------------+-------------------------------+-----
Long Blades    | 2 |  2.5
Armour         | 2 3 4 |  4.3
Dodging        | 1 2 3 4 |  4.9
Fighting       | 4 5 6 7 |  7.5
Short Blades   | 1 2 |  2.3
Shields        | 1 2 3 |  3.4
Staves         | 2 3 5 7 8 |  8.4
Stealth        | 1 2 3 |  3.6
Throwing       | 1 2 |  2.0
Invocations    | 3 4 |  4.5

Action                   |  1- 3 |  4- 6 |  7- 9 | 10-12 || total
-------------------------+-------+-------+-------+-------++-------
Melee: Dagger            |    67 |    73 |       |       ||   140
       Falchion          |     3 |       |       |       ||     3
       Headbutt          |     5 |    20 |    41 |     4 ||    70
       Quarterstaff      |       |    58 |   264 |    35 ||   357
Throw: Dart              |     2 |       |     1 |       ||     3
       Javelin           |       |     8 |     7 |    10 ||    25
Evoke: Wand              |       |       |       |     1 ||     1
  Use: Scroll            |     3 |     2 |     4 |       ||     9
       Potion            |       |       |       |     2 ||     2
 Stab: Sleeping          |       |       |     6 |       ||     6
       Petrifying        |       |       |     1 |       ||     1
       Confused          |       |       |     1 |       ||     1
       Petrified         |       |       |     1 |       ||     1
Armor: Leather armour    |    16 |    47 |   126 |     9 ||   198
Dodge: Dodged            |    47 |    60 |   205 |    14 ||   326
Block: Other             |    13 |    18 |    52 |     8 ||    91

Table legend: (Time is in decaauts)
 A = Elapsed time spent in this place.
 B = Non-inter-level travel time spent in this place.
 C = Inter-level travel time spent in this place.
 D = Time resting spent in this place.
 E = Time spent auto-exploring this place.
 F = Levels seen in this place.
 G = Mean time per level.
                   A        B        C        D        E       F      G
               +--------+--------+--------+--------+--------+-----+--------+
         Total |   8637 |   8518 |    119 |    188 |   6044 |  11 |  785.2 |
       Dungeon |   8427 |   8308 |    119 |    188 |   5947 |   9 |  936.3 |
         Abyss |      1 |      1 |      0 |      0 |      0 |   1 |    1.0 |
         Sewer |    209 |    209 |      0 |      0 |     97 |   1 |  209.0 |
               +--------+--------+--------+--------+--------+-----+--------+

Top non-repeatable levels by time:
     D:5: 1555 daAuts
     D:3: 1364 daAuts
     D:2: 1021 daAuts
     D:8: 1017 daAuts
     D:4: 981 daAuts
     D:6: 925 daAuts
     D:1: 809 daAuts
     D:7: 724 daAuts
   Sewer: 209 daAuts
     D:9: 28 daAuts
 Abyss:1: 1 daAuts
